3AAA
SIOUX FALLS RED PANDAS @ PORT ROYAL DISASTER
07/26/2026
 
TOP OF THE 1ST
Sioux Falls Red Pandas batting - Pitching for Port Royal Disaster : RHP Miguel Hernández
Pitching: RHP Miguel Hernández
Batting: RHB Ralph McKnight 0-0: Ball
1-0: Ball
2-0: Ball
3-0: Called Strike
3-1: Base on Balls
Batting: RHB Gaston Waller 0-0: Ball
1-0: Ball
2-0: Ball
3-0: Foul Ball, location: 2F
3-1: Base on Balls
Ralph McKnight to second
Batting: RHB Carlos Ortega 0-0: Ball
1-0: Called Strike
1-1: Foul Ball, location: 2F
1-2: Foul Ball, location: 2F
1-2: Strikes out looking
Batting: LHB Magali Lenidas 0-0: Ball
Gaston Waller is caught stealing 2nd base
1-0: Ground out 4-3 (Groundball, 4)
Top of the 1st over - 0 run(s), 0 hit(s), 0 error(s), 1 left on base; Sioux Falls 0 - Port Royal 0
BOTTOM OF THE 1ST
Port Royal Disaster batting - Pitching for Sioux Falls Red Pandas : RHP Ryan Davis
Pitching: RHP Ryan Davis
Batting: RHB Aurelio García 0-0: Ball
1-0: Ground out 6-3 (Groundball, 6)
Batting: RHB David McJannett 0-0: Ball
1-0: Called Strike
1-1: Foul Ball, location: 2F
1-2: Ground out 1-3 (Groundball, 13)
Batting: RHB Manuel Becerra 0-0: Ball
1-0: Called Strike
1-1: Ball
2-1: Foul Ball, location: 2F
2-2: Ball
3-2: Base on Balls
Batting: RHB Marvin Hunter 0-0: Ball
1-0: Ball
2-0: Called Strike
2-1: Foul Ball, location: 2F
2-2: Ball
3-2: SINGLE (Line Drive, 8LS)
Manuel Becerra to second
Manuel Becerra to third
Batting: RHB Brandon Cooper 0-0: Called Strike
0-1: Swinging Strike
0-2: Ball
1-2: Ball
2-2: Ball
3-2: Foul Ball, location: 2F
3-2: Foul Ball, location: 2F
3-2: Fly out, F8 (Line Drive, 8LD)
Bottom of the 1st over - 0 run(s), 1 hit(s), 0 error(s), 2 left on base; Sioux Falls 0 - Port Royal 0
TOP OF THE 2ND
Sioux Falls Red Pandas batting - Pitching for Port Royal Disaster : RHP Miguel Hernández
Batting: RHB Toshitsugu Sakamoto 0-0: Called Strike
0-1: Ball
1-1: Called Strike
1-2: Strikes out looking
Batting: RHB Takanibu Yokoyama 0-0: Called Strike
0-1: Ball
1-1: Foul Ball, location: 2F
1-2: Foul Ball, location: 2F
1-2: Strikes out looking
Batting: RHB Dong-po Tien 0-0: Ball
1-0: Ball
2-0: Ball
3-0: Base on Balls
Batting: SHB Carlos Schultz 0-0: Called Strike
0-1: Swinging Strike
0-2: Ball
1-2: Ball
2-2: Fielders Choice at 2nd, 4-6 (Groundball, 4D)
Top of the 2nd over - 0 run(s), 0 hit(s), 0 error(s), 0 left on base; Sioux Falls 0 - Port Royal 0
BOTTOM OF THE 2ND
Port Royal Disaster batting - Pitching for Sioux Falls Red Pandas : RHP Ryan Davis
Batting: SHB Arsenio Sameiro 0-0: Foul Ball, location: 2F
0-1: Ball
1-1: Ball
2-1: Foul Ball, location: 2F
2-2: Ball
3-2: Foul Ball, location: 2F
3-2: Ground out 6-3 (Groundball, 6MD)
Batting: RHB Paul Smith 0-0: Ball
1-0: Foul Ball, location: 2F
1-1: Ball
2-1: Fly out, F5 (Line Drive, 56)
Batting: RHB Ronnie Cleveland 0-0: Foul Ball, location: 2F
0-1: Ground out 6-3 (Groundball, 6)
Bottom of the 2nd over - 0 run(s), 0 hit(s), 0 error(s), 0 left on base; Sioux Falls 0 - Port Royal 0
TOP OF THE 3RD
Sioux Falls Red Pandas batting - Pitching for Port Royal Disaster : RHP Miguel Hernández
Batting: LHB Armando Becerra 0-0: Foul Ball, location: 2F
0-1: Ball
1-1: Ball
2-1: Swinging Strike
2-2: Foul Ball, location: 2F
2-2: Foul Ball, location: 2F
2-2: Ball
3-2: Fly out, F9 (Flyball, 9S)
Batting: RHB Ralph McKnight 0-0: Ball
1-0: SINGLE (Line Drive, 4D)
Batting: RHB Gaston Waller 0-0: Ball
1-0: Ball
2-0: Ball
3-0: Called Strike
3-1: Called Strike
3-2: Foul Ball, location: 2F
3-2: Strikes out swinging
Ralph McKnight is caught stealing 2nd base
Batter strikes out.
Top of the 3rd over - 0 run(s), 1 hit(s), 0 error(s), 0 left on base; Sioux Falls 0 - Port Royal 0
BOTTOM OF THE 3RD
Port Royal Disaster batting - Pitching for Sioux Falls Red Pandas : RHP Ryan Davis
Batting: RHB Nelson Abbey 0-0: Ball
1-0: Ball
2-0: Ball
3-0: Base on Balls
Pitching: RHP Carlos Guzmán
Batting: RHB Aurelio García 0-0: Ball
1-0: Ball
2-0: Foul Ball, location: 2F
2-1: Grounds into double play, 6-4-3 (Groundball, 6)
Batting: RHB David McJannett 0-0: Fly out, F8 (Line Drive, 8RM)
Bottom of the 3rd over - 0 run(s), 0 hit(s), 0 error(s), 0 left on base; Sioux Falls 0 - Port Royal 0
TOP OF THE 4TH
Sioux Falls Red Pandas batting - Pitching for Port Royal Disaster : RHP Miguel Hernández
Batting: RHB Carlos Ortega 0-0: Called Strike
0-1: Ball
1-1: Fly out, F9 (Flyball, 9)
Batting: LHB Magali Lenidas 0-0: Called Strike
0-1: Ball
1-1: Ground out 4-3 (Groundball, 4)
Batting: RHB Toshitsugu Sakamoto 0-0: Ball
1-0: Foul Ball, location: 2F
1-1: SINGLE (Groundball, 56D)
Batting: RHB Takanibu Yokoyama 0-0: Hit by Pitch
Toshitsugu Sakamoto to second
Batting: RHB Dong-po Tien 0-0: Called Strike
0-1: Ball
1-1: Swinging Strike
1-2: Foul Ball, location: 2F
1-2: Foul Ball, location: 2F
1-2: Ball
2-2: Foul Ball, location: 2F
2-2: Ball
3-2: Base on Balls
Toshitsugu Sakamoto to third
Takanibu Yokoyama to second
Batting: SHB Carlos Schultz 0-0: DOUBLE (Groundball, 3L)
Toshitsugu Sakamoto scores
Takanibu Yokoyama scores
Dong-po Tien to third
Batting: LHB Armando Becerra 0-0: Ball
1-0: Ball
2-0: Called Strike
2-1: Fly out, F9 (Flyball, 9)
Top of the 4th over - 2 run(s), 2 hit(s), 0 error(s), 2 left on base; Sioux Falls 2 - Port Royal 0
BOTTOM OF THE 4TH
Port Royal Disaster batting - Pitching for Sioux Falls Red Pandas : RHP Carlos Guzmán
Batting: RHB Manuel Becerra 0-0: Called Strike
0-1: Foul Ball, location: 2F
0-2: Ball
1-2: Foul Ball, location: 2F
1-2: Ball
2-2: SINGLE (Line Drive, 78M)
Batting: RHB Marvin Hunter 0-0: Grounds into double play, 6-4-3 (Groundball, 6)
Batting: RHB Brandon Cooper 0-0: Ball
1-0: Called Strike
1-1: Ball
2-1: Called Strike
2-2: Foul Ball, location: 2F
2-2: Fly out, F4 (Line Drive, 4)
Bottom of the 4th over - 0 run(s), 1 hit(s), 0 error(s), 0 left on base; Sioux Falls 2 - Port Royal 0
TOP OF THE 5TH
Sioux Falls Red Pandas batting - Pitching for Port Royal Disaster : RHP Miguel Hernández
Batting: RHB Ralph McKnight 0-0: Ball
1-0: Ball
2-0: Called Strike
2-1: Swinging Strike
2-2: Fly out, F5 (Popup, 5L)
Pitching: RHP Alfonso Garza
Batting: RHB Gaston Waller 0-0: Ball
1-0: Ball
2-0: Ball
3-0: Base on Balls
Batting: RHB Carlos Ortega 0-0: Ground out 4-3 (Groundball, 34)
Gaston Waller to second
Batting: LHB Magali Lenidas 0-0: Called Strike
0-1: Ground out 4-3 (Groundball, 4)
Top of the 5th over - 0 run(s), 0 hit(s), 0 error(s), 1 left on base; Sioux Falls 2 - Port Royal 0
BOTTOM OF THE 5TH
Port Royal Disaster batting - Pitching for Sioux Falls Red Pandas : RHP Carlos Guzmán
Batting: SHB Arsenio Sameiro 0-0: SOLO HOME RUN (Flyball, 9D), Distance : 414 ft
Batting: RHB Paul Smith 0-0: Ball
1-0: Fly out, F6 (Popup, 6D)
Batting: RHB Ronnie Cleveland 0-0: Ball
1-0: Ball
2-0: Ball
3-0: Base on Balls
Batting: RHB Nelson Abbey 0-0: Called Strike
0-1: Swinging Strike
0-2: Ball
1-2: Ball
2-2: Ball
3-2: Strikes out looking
Pitching: LHP Vincent Bannon
Batting: RHB Aurelio García 0-0: Ball
1-0: Ball
2-0: Called Strike
2-1: Called Strike
2-2: Foul Ball, location: 2F
2-2: Fielders Choice at 2nd, 6-4 (Groundball, 6)
Bottom of the 5th over - 1 run(s), 1 hit(s), 0 error(s), 0 left on base; Sioux Falls 2 - Port Royal 1
TOP OF THE 6TH
Sioux Falls Red Pandas batting - Pitching for Port Royal Disaster : RHP Alfonso Garza
Batting: RHB Toshitsugu Sakamoto 0-0: Foul Ball, location: 2F
0-1: Swinging Strike
0-2: Strikes out swinging
Batting: RHB Takanibu Yokoyama 0-0: Called Strike
0-1: Ground out 3-1 (Groundball, 34)
Batting: RHB Dong-po Tien 0-0: Called Strike
0-1: Ball
1-1: Swinging Strike
1-2: SINGLE (Groundball, 56D)
Batting: SHB Carlos Schultz 0-0: Called Strike
0-1: Ball
1-1: Ball
2-1: SINGLE (Groundball, 6D)
Dong-po Tien to second
Batting: LHB Armando Becerra 0-0: Ball
1-0: Called Strike
1-1: Ball
2-1: Foul Ball, location: 2F
2-2: Strikes out swinging
Top of the 6th over - 0 run(s), 2 hit(s), 0 error(s), 2 left on base; Sioux Falls 2 - Port Royal 1
BOTTOM OF THE 6TH
Port Royal Disaster batting - Pitching for Sioux Falls Red Pandas : LHP Vincent Bannon
Batting: RHB David McJannett 0-0: Called Strike
0-1: Ball
1-1: Ball
2-1: Ball
3-1: Base on Balls
Batting: RHB Manuel Becerra 0-0: Ball
1-0: Swinging Strike
1-1: Called Strike
1-2: Ball
2-2: Fly out, F9 (Flyball, 9S)
Batting: RHB Marvin Hunter 0-0: Called Strike
0-1: Ball
1-1: Ball
2-1: TRIPLE (Line Drive, 8LD)
David McJannett scores
Batting: RHB Brandon Cooper 0-0: Ball
1-0: Ball
2-0: Called Strike
2-1: Called Strike
2-2: Foul Ball, location: 2F
2-2: Strikes out swinging
Batting: SHB Arsenio Sameiro 0-0: Called Strike
0-1: Ball
1-1: Called Strike
1-2: Foul Ball, location: 2F
1-2: Strikes out swinging
Bottom of the 6th over - 1 run(s), 1 hit(s), 0 error(s), 1 left on base; Sioux Falls 2 - Port Royal 2
TOP OF THE 7TH
Sioux Falls Red Pandas batting - Pitching for Port Royal Disaster : RHP Alfonso Garza
Pinch Hitting: LHB Rubén Ruíz 0-0: Called Strike
0-1: Ball
1-1: Ball
2-1: Ground out 4-3 (Groundball, 4D)
Batting: RHB Gaston Waller 0-0: Ball
1-0: Fly out, F9 (Flyball, 9LDF)
Batting: RHB Carlos Ortega 0-0: Ball
1-0: Swinging Strike
1-1: Ground out 6-3 (Groundball, 6S)
Top of the 7th over - 0 run(s), 0 hit(s), 0 error(s), 0 left on base; Sioux Falls 2 - Port Royal 2
BOTTOM OF THE 7TH
Port Royal Disaster batting - Pitching for Sioux Falls Red Pandas : LHP Vincent Bannon
Pitching: RHP Shao-qi Phan
Now in CF: José Pacheco
Batting: RHB Paul Smith 0-0: Called Strike
0-1: Called Strike
0-2: Foul Ball, location: 2F
0-2: Ball
1-2: Ground out 5-3 (Groundball, 56)
Batting: RHB Ronnie Cleveland 0-0: Foul Ball, location: 2F
0-1: Called Strike
0-2: Strikes out swinging
Batting: RHB Nelson Abbey 0-0: Ball
1-0: Called Strike
1-1: Ball
2-1: Ball
3-1: Base on Balls
Batting: RHB Aurelio García 0-0: Fielders Choice at 2nd, 5-4 (Groundball, 56)
Bottom of the 7th over - 0 run(s), 0 hit(s), 0 error(s), 0 left on base; Sioux Falls 2 - Port Royal 2
TOP OF THE 8TH
Sioux Falls Red Pandas batting - Pitching for Port Royal Disaster : RHP Alfonso Garza
Batting: LHB Magali Lenidas 0-0: Ball
1-0: Fly out, F9 (Line Drive, 9D)
Batting: RHB Toshitsugu Sakamoto 0-0: Called Strike
0-1: Ball
1-1: Ground out 6-3 (Groundball, 56)
Batting: RHB Takanibu Yokoyama 0-0: Ball
1-0: Swinging Strike
1-1: Foul Ball, location: 2F
1-2: Fly out, F9 (Flyball, 9LM)
Top of the 8th over - 0 run(s), 0 hit(s), 0 error(s), 0 left on base; Sioux Falls 2 - Port Royal 2
BOTTOM OF THE 8TH
Port Royal Disaster batting - Pitching for Sioux Falls Red Pandas : RHP Shao-qi Phan
Pinch Hitting: LHB Davis Mills 0-0: Swinging Strike
0-1: Fly out, F5 (Popup, 5L)
Batting: RHB Manuel Becerra 0-0: Ball
1-0: Ball
2-0: Ball
3-0: Base on Balls
Batting: RHB Marvin Hunter 0-0: Ball
1-0: Ball
2-0: DOUBLE (Line Drive, 7LM)
Manuel Becerra to third
Runner from 3rd tries for Home, SAFE, no throw
Batting: RHB Brandon Cooper 0-0: Called Strike
0-1: Ball
1-1: Ball
2-1: Called Strike
2-2: Ball
3-2: Base on Balls
Batting: SHB Arsenio Sameiro 0-0: Ball
1-0: Ball
2-0: Called Strike
2-1: Called Strike
2-2: Reached via error on a dropped throw, E3
Marvin Hunter to third
Brandon Cooper to second
Pitching: LHP Jim Unknown
Batting: RHB Paul Smith 0-0: Ball
1-0: Called Strike
1-1: Fly out, F9 (Flyball, 9LS)
Batting: RHB Ronnie Cleveland 0-0: Ball
1-0: Fly out, F8 (Flyball, 8RD)
Bottom of the 8th over - 1 run(s), 1 hit(s), 1 error(s), 3 left on base; Sioux Falls 2 - Port Royal 3
TOP OF THE 9TH
Sioux Falls Red Pandas batting - Pitching for Port Royal Disaster : RHP Alfonso Garza
Pitching: RHP Juan Carlos Herrera
Now in LF: Davis Mills
Batting: RHB Dong-po Tien 0-0: Swinging Strike
0-1: Ball
1-1: Swinging Strike
1-2: Strikes out swinging
Batting: SHB Carlos Schultz 0-0: Ball
1-0: Ball
2-0: Foul Ball, location: 2F
2-1: Ball
3-1: Called Strike
3-2: TRIPLE (Flyball, 78D)
Batting: LHB Armando Becerra 0-0: Called Strike
0-1: Ball
1-1: Foul Ball, location: 2F
1-2: Foul Ball, location: 2F
1-2: Ball
2-2: Ball
3-2: Ground out 4-3 (Groundball, 4)
Batting: LHB José Pacheco 0-0: Foul Ball, location: 2F
0-1: Swinging Strike
0-2: Ball
1-2: Fly out, F7 (Flyball, 7LS)
Top of the 9th over - 0 run(s), 1 hit(s), 0 error(s), 1 left on base; Sioux Falls 2 - Port Royal 3
Monday, March 20th, 2017 - OOTP Baseball 17.12 Build 75